 Dungeon Crawl Stone Soup version 0.27-a0-1200-g94dc6ad4cf (webtiles) character file.

Game seed: 6559658429549047329

5 zezblit the Skirmisher (level 1, 0/18 HPs)
             Began as a Demonspawn Abyssal Knight on May 31, 2021.
             Was an Initiate of Lugonu.
             Slain by a kobold
             ... wielding a +0 short sword
              (3 damage)
             ... on level 1 of the Dungeon.
             The game lasted 00:01:15 (261 turns).

zezblit the Skirmisher (Demonspawn Abyssal Knight)   Turns: 261, Time: 00:01:17

Health: 0/18       AC:  3    Str: 12    XL:     1   Next: 66%
Magic:  2/2        EV: 11    Int: 13    God:    Lugonu [......]
Gold:   26         SH:  0    Dex: 12    Spells: 0/0 levels left

rFire    . . .     SeeInvis .   a - +1 mace
rCold    . . .     Faith    .   (no shield)
rNeg     . . .     Spirit   .   b - +0 leather armour
rPois    .         Reflect  .   (no helmet)
rElec    .         Harm     .   (no cloak)
rCorr    .         Rampage  .   (no gloves)
Will     .....                  (no boots)
Stlth    +.........             (no amulet)
HPRegen  0.06/turn              (no ring)
MPRegen  0.08/turn              (no ring)

@: no status effects
A: no striking features
a: Renounce Religion


You were on level 1 of the Dungeon.
You worshipped Lugonu.
Lugonu was noncommittal.
You visited 1 branch of the dungeon, and saw 2 of its levels.
You visited the Abyss 1 time.

You collected 26 gold pieces.

Inventory:

Hand Weapons
 a - a +1 mace (weapon)
Armour
 b - a +0 leather armour (worn)
Scrolls
 c - a scroll of magic mapping {unknown}


   Skills:
 + Level 3.1 Fighting
 + Level 2.0 Maces & Flails
 + Level 1.9 Armour
 + Level 0.8 Dodging
 + Level 2.4 Invocations


You couldn't memorise any spells.
You didn't know any spells.
Your spell library was empty.

Dungeon Overview and Level Annotations

Branches:
Dungeon (2/15)

Altars:


Message History

The endoplasm quivers.
The kobold closely misses you. The endoplasm hits you.
You hit the endoplasm.
The endoplasm is almost dead.
The kobold hits you but does no damage. The endoplasm hits you.
The kobold hits you with a +0 short sword.
The kobold hits you but does no damage.
You hit the endoplasm but do no damage.
The endoplasm is almost dead.
The endoplasm hits you. The kobold barely misses you.
The kobold hits you with a +0 short sword.
You hit the endoplasm.
You kill the endoplasm!
Lugonu accepts your kill.
The frilled lizard hisses.
The kobold misses you. x2
Your Maces & Flails skill increases to level 2!
You thump the kobold!
You kill the kobold!
Lugonu accepts your kill. The kobold hits you but does no damage.
The kobold hits you with a +0 short sword.
You closely miss the frilled lizard. The frilled lizard closely misses you.
The kobold misses you.
You closely miss the frilled lizard. The frilled lizard closely misses you.
The kobold closely misses you. The frilled lizard bites you.
You closely miss the frilled lizard.
The frilled lizard bites you but does no damage.
The kobold completely misses you.
The frilled lizard bites you but does no damage.
The kobold hits you with a +0 dagger.
You climb upwards.
There is a stone staircase leading down here.
You barely miss the kobold.
The kobold hits you with a +0 short sword.
* * * LOW HITPOINT WARNING * * *
The frilled lizard bites you but does no damage.
The kobold barely misses you.
The kobold hits you with a +0 short sword.
You die...

#.#≈≈≈≈≈.≈≈≈≈≈≈≈≈≈≈..
#.#≈≈≈8≈≈.≈≈≈≈≈8≈≈≈##
##.##≈≈≈≈≈≈.≈≈≈≈≈≈≈##
#..###≈≈≈≈≈.≈≈≈≈≈≈##
#.## ##≈≈≈.≈≈≈≈≈≈##
#.# #.... #.# ##..#
#.# ###.(## #.#
#.K@K.# #.# #.l...#
#.# #)....#
#####.####.....#.
#.................
#.........#........
#...........####...
#.........### ...
#.........# ..


You could see 2 kobolds and a frilled lizard.

Vanquished Creatures
  2 endoplasms
  3 kobolds
5 creatures vanquished.

Notes
Turn   | Place    | Note
-------+----------+-------------------------------------------
     0 | Abyss:1  | zezblit the Demonspawn Abyssal Knight began the quest for
                  | the Orb.
     0 | Abyss:1  | Reached XP level 1. HP: 18/18 MP: 2/2
    36 | Abyss:1  | Noticed an eye of devastation
    38 | D:1      | Escaped the Abyss
   261 | D:1      | Slain by a kobold

Illustrated notes

Levels and vault maps discovered:
D:1:      nzn_arrival_water_spiral, layout_rooms, minmay_pentomino_q4
D:2:      layout_rooms, serial_shops, shop

Skill      XL: |  1 |
---------------+----+-----
Maces & Flails | 2 |  2.0
Fighting       | |  3.1
Armour         | |  1.9
Dodging        | |  0.8
Invocations    | |  2.4

Action                   || total
-------------------------++-------
Melee: Mace              ||    13
Invok: Depart the Abyss  ||     1
Armor: Leather armour    ||     7
Dodge: Dodged            ||    13

Table legend: (Time is in decaauts)
 A = Elapsed time spent in this place.
 B = Non-inter-level travel time spent in this place.
 C = Inter-level travel time spent in this place.
 D = Time resting spent in this place.
 E = Time spent auto-exploring this place.
 F = Levels seen in this place.
 G = Mean time per level.
                   A        B        C        D        E       F      G
               +--------+--------+--------+--------+--------+-----+--------+
         Total |    265 |    265 |      0 |    111 |    111 |   3 |   88.3 |
       Dungeon |    227 |    227 |      0 |    111 |     75 |   2 |  113.5 |
         Abyss |     38 |     38 |      0 |      0 |     36 |   1 |   38.0 |
               +--------+--------+--------+--------+--------+-----+--------+

Top non-repeatable levels by time:
     D:1: 210 daAuts
 Abyss:1: 38 daAuts
     D:2: 16 daAuts
